 Dungeon Crawl Stone Soup version 0.29.1-15-g9cfb28693d (webtiles) character file.

Game seed: 12295597327298226356

49 croobank the Firebug (level 3, -2/25 HPs)
             Began as a Demonspawn Fire Elementalist on Apr 15, 2023.
             Slain by Grunkalo's ghost (9 damage)
             ... on level 2 of the Dungeon.
             The game lasted 00:04:52 (2522 turns).

croobank the Firebug (Demonspawn Fire Elementalist) Turns: 2522, Time: 00:04:52

Health: -2/25      AC:  3    Str:  8    XL:     3   Next: 53%
Magic:  0/6        EV: 12    Int: 18    God:
Gold:   91         SH:  4    Dex: 13    Spells: 3/6 levels left

rFire   + . .      SeeInvis .   c - +0 short sword
rCold   x . .      Faith    .   (no shield)
rNeg    . . .      Spirit   .   a - +0 robe
rPois   .          Reflect  .   (no helmet)
rElec   .          Harm     .   f - +0 cloak
rCorr   .          Rampage  .   (no gloves)
Will    .....                   (no boots)
Stlth   ++........              (no amulet)
HPRegen 0.08/turn               j - ring of fire
MPRegen 0.10/turn               (no ring)

@: very slightly contaminated
A: large bone plates 1
a: no special abilities


You were on level 2 of the Dungeon.
You visited 1 branch of the dungeon, and saw 3 of its levels.

You collected 91 gold pieces.

Inventory:

Hand Weapons
 c - a +0 short sword (weapon)
 e - a +0 dagger
 p - a +0 war axe
Armour
 a - a +0 robe (worn)
 f - a +0 cloak (worn)
 k - a +0 leather armour
Jewellery
 j - a ring of fire (left hand)
Scrolls
 d - 2 scrolls of teleportation
 h - a scroll of identify {unknown}
Potions
 g - a potion of heal wounds {unknown}
 i - a potion of curing {unknown}
 l - a potion of lignification {unknown}
 m - a potion of attraction {unknown}
 n - a potion of resistance {unknown}
 o - a potion of invisibility {unknown}


   Skills:
 + Level 0.9 Fighting
 + Level 2.1 Dodging
 + Level 2.3 Stealth
 + Level 2.3 Spellcasting
 + Level 1.5 Conjurations
 + Level 3.0 Fire Magic


You had 3 spell levels left.
You knew the following spells:

 Your Spells              Type           Power      Damage    Failure   Level
a - Foxfire               Conj/Fire      60%        2x1d7     7%          1
b - Scorch                Fire           38%        2d7       8%          2

Your spell library contained the following spells:

 Spells                   Type           Power      Damage    Failure   Level
 Conjure Flame            Conj/Fire      15%        6-21      21%         3
 Inner Flame              Hex/Fire       11%        N/A       28%         3
 Flame Wave               Conj/Fire      15%        2d7       56%         4


Dungeon Overview and Level Annotations

Branches:
Dungeon (3/15)

Altars:

Annotations:
D:2 Grunkalo's ghost, amateur OgWn


Innate Abilities, Weirdness & Mutations

You are partially covered in large bone plates. (SH +4)


Message History

You climb upwards.
There is a stone staircase leading down here.
Casting: Foxfire (safe; 7% risk of failure)
Confirm with . or Enter, or press ? or * to list all spells.
You feel a surge of power!
Flames lash Grunkalo's ghost.
Grunkalo's ghost is lightly damaged.
Grunkalo's ghost's fire resistance burns away.
Grunkalo's ghost lets out a mournful wail.
Grunkalo's ghost closely misses you.
Casting: Scorch (safe; 8% risk of failure)
Confirm with . or Enter, or press ? or * to list all spells.
You feel a surge of power!
You miscast Scorch.
You are very lightly contaminated with residual magic.
Nothing appears to happen.
You block Grunkalo's ghost's attack.
Casting: Scorch (safe; 8% risk of failure)
Confirm with . or Enter, or press ? or * to list all spells.
You feel a surge of power!
Flames lash Grunkalo's ghost.
Grunkalo's ghost is burned terribly!
Grunkalo's ghost is moderately damaged.
Grunkalo's ghost barely misses you. Magic courses through your body.
Grunkalo's ghost hits you.
Casting: Scorch (safe; 8% risk of failure)
Confirm with . or Enter, or press ? or * to list all spells.
You feel a surge of power!
Flames lash Grunkalo's ghost.
Grunkalo's ghost is burned terribly!
Grunkalo's ghost is moderately damaged.
Grunkalo's ghost hits you!
Casting: Scorch (safe; 8% risk of failure)
Confirm with . or Enter, or press ? or * to list all spells.
You feel a surge of power!
Flames lash Grunkalo's ghost.
Grunkalo's ghost is moderately damaged.
Grunkalo's ghost hits you.
* * * LOW HITPOINT WARNING * * *
Casting: Scorch (safe; 8% risk of failure)
Confirm with . or Enter, or press ? or * to list all spells.
You feel a surge of power!
Flames lash Grunkalo's ghost.
Grunkalo's ghost is burned terribly!
Grunkalo's ghost is heavily damaged.
Grunkalo's ghost hits you!
You die...

#################
#...............#
#.........>.....##########
#........##...#.#........#
#......[........#..#####.#
#........##.........# #.#
#........###.######'#########
#........###@##....~....#...#
####.##....W..#..##~##..###.#
#.#######'##....~....# #.# #.#
##...#....~....###.# ###.#
##....#.###_###.#...# ###.#.#
##.<...#....~....#....
####.....###......#.^..~....##..#
...........'..<...#..##~##..##..#
####....####......#....~....#...#


You could see Grunkalo's ghost (combustible).

Vanquished Creatures
  An adder (D:3)
  5 ball pythons
  An endoplasm (D:2)
  2 giant cockroaches (D:2)
  4 goblins
  2 hobgoblins
  3 quokkas
  6 bats
  3 frilled lizards
  3 kobolds
  9 rats
39 creatures vanquished.

Vanquished Creatures (others)
  52 foxfires
  8 plants
  5 toadstools (D:1)
65 creatures vanquished.

Grand Total: 104 creatures vanquished

Notes
Turn   | Place    | Note
-------+----------+-------------------------------------------
     0 | D:1      | croobank the Demonspawn Fire Elementalist began the quest
                  | for the Orb.
     0 | D:1      | Reached XP level 1. HP: 13/13 MP: 3/3
   291 | D:1      | Gained mutation: You are partially covered in large bone
                  | plates. (SH +4) [demonic ancestry]
   291 | D:1      | Reached XP level 2. HP: 19/19 MP: 3/5
   296 | D:1      | Learned a level 2 spell: Scorch
  1256 | D:2      | Found a faded altar of an unknown god.
  1497 | D:2      | Reached XP level 3. HP: 25/25 MP: 1/6
  2040 | D:2      | Reached skill level 3 in Fire Magic
  2463 | D:3      | Found a runed translucent gate.
  2463 | D:3      | Found a runed translucent gate.
  2466 | D:3      | Found a runed translucent gate.
  2496 | D:3      | Noticed Grunkalo's ghost (amateur OgWn)
  2522 | D:2      | Slain by Grunkalo's ghost

Illustrated notes

Levels and vault maps discovered:
D:1:      ldierk_walled_garden, layout_loops_ring
D:2:      layout_loops_corners, shapermc_ecumenical_altar_notcrosses
D:3:      layout_rooms, gammafunk_ghost_icy, serial_shops,
          nicolae_shop_overgrown_old_shop

Skill      XL: |  1  2  3 |
---------------+----------+-----
Stealth        | 2 |  2.3
Dodging        | 2 |  2.1
Fire Magic     | 3 |  3.0
Fighting       | |  0.9
Spellcasting   | |  2.3
Conjurations   | |  1.5

Action                   || total
-------------------------++-------
Melee: Short sword       ||    26
 Cast: Foxfire           ||    31
       Scorch            ||    24
  Use: Scroll            ||     3
       Potion            ||     1
 Stab: Sleeping          ||     3
Armor: Robe              ||    11
Dodge: Dodged            ||    32
Block: Other             ||     6
